 Dungeon Crawl Stone Soup version 0.30-a0-777-ga9a30cbeda (webtiles) character file.

Game seed: 13457355531618586619

37 Esekla the Sneak (level 3, -1/20 HPs)
             Began as a Vine Stalker Delver on Feb 14, 2023.
             Was an Initiate of Vehumet.
             Slain by an orc wizard
             ... wielding a +0 dagger
              (3 damage)
             ... on level 3 of the Dungeon.
             The game lasted 00:07:31 (628 turns).

Esekla the Sneak (Vine Stalker Delver)               Turns: 628, Time: 00:07:32

Health: -1/20      AC:  3    Str: 14    XL:     3   Next: 39%
Magic:  0/4        EV: 12    Int: 12    God:    Vehumet [......]
Gold:   151        SH:  0    Dex: 21    Spells: 3/3 levels left

rFire   . . .      SeeInvis .    a - +0 falchion
rCold   . . .      Faith    .    (no shield)
rNeg    . . .      Spirit   +    b - +0 leather armour
rPois   .          Reflect  .    (no helmet)
rElec   .          Harm     .    (no cloak)
rCorr   .          Rampage  .    (no gloves)
Will    .....                    (no boots)
Stlth   ++++                     (no amulet)
HPRegen 0.23/turn                i - +6 ring of dexterity
MPRegen 0.09/turn                (no ring)

@: no status effects
A: fangs 2, magic shield, antimagic bite, no potion heal 2
a: Renounce Religion


You were on level 3 of the Dungeon.
You worshipped Vehumet.
Vehumet was noncommittal.
You visited 1 branch of the dungeon, and saw 3 of its levels.

You collected 151 gold pieces.

Inventory:

Hand Weapons
 a - a +0 falchion (weapon)
 n - a +2 heavy trident
 s - a +0 dagger
Missiles
 e - 3 javelins
 h - 4 poisoned darts (quivered)
Armour
 b - a +0 leather armour (worn)
Jewellery
 i - a +6 ring of dexterity (left hand)
Wands
 g - a wand of digging (3)
Scrolls
 c - a scroll of fog
 j - a scroll of enchant armour {unknown}
 m - a scroll of blinking {unknown}
 o - a scroll of noise {unknown}
Potions
 d - a potion of flight {unknown}
 f - a potion of haste
 k - 2 potions of curing {unknown}
 l - a potion of mutation {unknown}


   Skills:
 * Level 3.0 Fighting
 * Level 2.1 Long Blades
 + Level 0.2 Armour
 + Level 1.6 Dodging
 + Level 6.6 Stealth
 * Level 0.6 Spellcasting


You had 3 spell levels left.
You didn't know any spells.
Your spell library contained the following spells:

 Spells                   Type           Power      Damage    Failure   Level
 Animate Dead             Necr           0%         N/A       99%         4
 Borgnjor's Vile Clutch   Necr/Erth      0%         N/A       100%        5
 Death Channel            Necr           0%         N/A       100%        6


Dungeon Overview and Level Annotations

Branches:
Dungeon (5/15)
 Temple: D:4-7

Altars:
Vehumet

Shops:
D:4 =

Annotations:
D:3 1 runed translucent door, Bediveer's ghost, amateur DsFi; Ijyb


Innate Abilities, Weirdness & Mutations

You have extremely sharp teeth.
When hurt, damage is shared between your health and your magic reserves.
Your bite disrupts and absorbs the magic of your enemies.
Potions cannot restore your health.


Message History

You feel less confused.
The orc wizard points at you and mumbles some strange words.
The magic dart hits you.
You hit the orc wizard. Your bite misses the orc wizard.
The orc wizard is moderately wounded.
The orc wizard hits you with a +0 dagger.
You hit the orc wizard.
The orc wizard is heavily wounded.
The orc wizard hits you with a +0 dagger.
You completely miss the orc wizard. Your bite misses the orc wizard.
The orc wizard is heavily wounded.
The orc wizard misses you.
You hit the orc wizard.
You bite the orc wizard, but do no damage.
The orc wizard is almost dead.
The orc wizard casts a spell.
The orc wizard flickers and vanishes!
Deactivating autopickup; reactivate with Ctrl-A.
Something barely misses you.
You miss something. Your bite misses something. Something hits you.
You miss something.
You hear some strange, mumbled words.
A magic dart appears from out of thin air!
The magic dart hits you.
You miss something. Something hits you but does no damage.
You closely miss something.
You hear some strange, mumbled words.
A magic dart appears from out of thin air!
The magic dart hits you.
* * * LOW HITPOINT WARNING * * *
You miss something. Something hits you.
* * * LOW HITPOINT WARNING * * *
You hear some strange, mumbled words.
A magic dart appears from out of thin air!
The magic dart hits you.
* * * LOW HITPOINT WARNING * * *
You hit something but do no damage. Your bite misses something.
Something hits you but does no damage.
You closely miss something. Something hits you.
You die...

...#####.....#....#...#### #W#
..................#.<....# #S#
......#########.......##.######S#
......# ....'........#......#S#
......# ....#........#......#+#
....... ....#............##....
####.... ..............#..##...#
#..... ....####...#........#.#
#...... ... #@{............#.. ..
#.##..##.#.###.#.#
#.##..#..#.###.#+#
#.##..#...........
######.###...)..####...
#<.....##..............
######.##........##....
####......#..#....
#...)†......#...


There were no monsters in sight!

Vanquished Creatures
  An adder (D:3)
  2 worms (D:3)
  A dart slug (D:3)
  4 orcs
  An endoplasm (D:3)
  A giant cockroach (D:3)
  2 goblins (D:3)
  A quokka (D:3)
  2 ball pythons
  A kobold (D:3)
  A rat (D:3)
17 creatures vanquished.

Notes
Turn   | Place    | Note
-------+----------+-------------------------------------------
     0 | D:5      | Esekla the Vine Stalker Delver began the quest for the Orb.
     0 | D:5      | Reached XP level 1. HP: 11/11 MP: 2/2
    34 | D:5      | Found a radiant altar of Vehumet.
    40 | D:5      | Became a worshipper of Vehumet
    52 | D:5      | Noticed a hound
    53 | D:5      | Noticed a jelly
   102 | D:4      | Noticed a jelly
   229 | D:4      | Found Xoplo's Jewellery Boutique.
   265 | D:3      | Reached XP level 2. HP: 12/16 MP: 3/3
   366 | D:3      | Reached XP level 3. HP: 11/20 MP: 4/4
   413 | D:3      | Noticed Ijyb
   441 | D:3      | Found a runed translucent door.
   446 | D:3      | Noticed Bediveer's ghost (amateur DsFi)
   626 | D:3      | HP: 1/20 [something/magic dart (1)]
   628 | D:3      | Slain by an orc wizard

Illustrated notes

Levels and vault maps discovered:
D:3:      minmay_spotlight, layout_basic, portal_sewer_entry_e,
          ebering_ghost_sewer_d, st_stairs_4, uniq_ijyb
D:4:      layout_loops_corners, mainiacjoe_overflow_tiny_flanked,
          nicolae_overflow_squiral, serial_shops, shop_coins,
          nicolae_lakefront_shop, minmay_misc_feat_more_columns,
          dilly_guarded_unrand_devastator
D:5:      layout_loops_cross, nicolae_vehumet_altar_sigil

Skill      XL: |  1  2 |
---------------+-------+-----
Fighting       | 3 |  3.0
Long Blades    | 2 |  2.1
Armour         | |  0.2
Dodging        | |  1.6
Stealth        | |  6.6
Spellcasting   | |  0.6

Action                     || total
---------------------------++-------
  Melee: Falchion          ||    35
         Bite              ||     4
         Dagger            ||     4
    Use: Scroll            ||     2
   Stab: Sleeping          ||     6
         Distracted        ||     1
 Armour: Leather armour    ||     3
  Dodge: Dodged            ||    11

Table legend: (Time is in decaauts)
 A = Elapsed time spent in this place.
 B = Non-inter-level travel time spent in this place.
 C = Inter-level travel time spent in this place.
 D = Time resting spent in this place.
 E = Time spent auto-exploring this place.
 F = Levels seen in this place.
 G = Mean time per level.
                   A        B        C        D        E       F      G
               +--------+--------+--------+--------+--------+-----+--------+
         Total |    629 |    629 |      0 |      0 |      0 |   3 |  209.7 |
       Dungeon |    629 |    629 |      0 |      0 |      0 |   3 |  209.7 |
               +--------+--------+--------+--------+--------+-----+--------+

Top non-repeatable levels by time:
     D:3: 371 daAuts
     D:4: 183 daAuts
     D:5: 75 daAuts
